 Dungeon Crawl Stone Soup version 0.30.0-16-gbe6223bb7e (webtiles) character file.

Game seed: 15671899906317085035

44 GloriousHammer the Trooper (level 3, -3/37 HPs)
             Began as an Ogre Warper on May 21, 2023.
             Slain by an adder (4 damage)
             ... on level 2 of the Dungeon.
             The game lasted 00:03:08 (1129 turns).

GloriousHammer the Trooper (Ogre Warper)            Turns: 1129, Time: 00:03:09

Health: -3/37      AC:  3    Str: 15    XL:     3   Next: 62%
Magic:  7/7        EV:  9    Int: 16    God:
Gold:   82         SH:  0    Dex:  8    Spells: 6/8 levels left

rFire   . . .        i - +0 whip
rCold   . . .        (no shield)
rNeg    . . .        b - +0 robe
rPois   .            (helmet restricted)
rElec   .            (no cloak)
rCorr   .            (gloves unavailable)
SInv    .            (boots unavailable)
Will    .....        (no amulet)
Stlth   +            (no ring)
HPRegen 0.26/turn    (no ring)
MPRegen 0.10/turn

%: no passive effects
@: lethally poisoned (-3 -> -6), attractive
A: large, unfitting armour, tough skin 1
a: no special abilities


You were on level 2 of the Dungeon.
You visited 1 branch of the dungeon, and saw 2 of its levels.

You collected 82 gold pieces.

Inventory:

Hand Weapons
 a - a +0 mace
 i - a +0 whip (weapon)
Missiles
 d - 7 boomerangs of dispersal (quivered)
 f - 2 javelins
 h - 15 stones
Armour
 b - a +0 robe (worn)
Scrolls
 c - a scroll of blinking
 g - a scroll of identify {unknown}


   Skills:
 + Level 3.4 Fighting
 + Level 2.3 Maces & Flails
 - Level 1.0 Throwing
 - Level 2.1 Dodging
 + Level 3.0 Spellcasting
 + Level 3.1 Translocations


You had 6 spell levels left.
You knew the following spells:

 Your Spells              Type           Power      Damage    Failure   Level
a - Blink                 Tloc           24%        N/A       8%          2

Your spell library contained the following spells:

 Spells                   Type           Power      Damage    Failure   Level
 Lesser Beckoning         Tloc           24%        N/A       8%          2
 Teleport Other           Tloc           12%        N/A       16%         3
 Vhi's Electric Charge    Tloc/Air       14%        N/A       30%         3
 Manifold Assault         Tloc           12%        N/A       45%         4


Dungeon Overview and Level Annotations

Branches:
Dungeon (2/15)

Altars:


Innate Abilities, Weirdness & Mutations

You are too large for most types of armour.
You have tough skin. (AC +1)


Message History

The goblin is heavily wounded.
The goblin completely misses you.
You barely miss the goblin.
The goblin is heavily wounded.
The goblin hits you with a +0 club.
You sock the goblin!
You kill the goblin!
You see here a +0 club.
You see here a bat skeleton.
You see here a +0 whip.
You see here a +0 short sword.
You see here a +0 short sword.
Done exploring.
Done exploring.
Done exploring.
Search for what [? for help]? .
You see here a +0 whip.
i - a +0 whip (weapon)
(D) Dungeon
Where to? (Enter - D:1 @ (x,y), ? - help)
There is a stone staircase leading down here.
You climb downwards.
The ball python hisses angrily.
There is a stone staircase leading up here.
A ball python is nearby!
You hit the ball python but do no damage.
The ball python barely misses you.
You hit the ball python.
You kill the ball python!
A rat comes into view.
Found a stone staircase leading down.
You see here a ball python corpse.
You hit the rat but do no damage. The rat bites you but does no damage.
You barely miss the rat. The rat bites you but does no damage.
You hit the rat.
You kill the rat!
You see here a rat corpse.
An adder and a frilled lizard come into view.
Found a stone staircase leading down.
The adder hisses angrily.
There are monsters nearby!
You see here a rat corpse.
You see here a ball python corpse.
You miss the adder. The adder bites you but does no damage.
The adder bites you.
You are poisoned.
The adder poisons you!
You closely miss the adder.
You feel sick. The adder bites you.
You are more poisoned.
The adder poisons you!
You hit the adder.
The adder is heavily wounded.
You feel sick. The adder barely misses you.
You hit the adder.
The adder is severely wounded.
You feel sick. The adder bites you but does no damage.
You completely miss the adder.
The adder is severely wounded.
You feel sick. The adder barely misses you. The adder closely misses you.
You closely miss the adder.
The adder is severely wounded.
You feel sick. The adder barely misses you.
You miss the adder.
The adder is severely wounded.
You feel sick. The adder bites you.
You hit the adder.
You kill the adder!
You feel sick.
Your Spellcasting skill increases to level 3!
You hit the frilled lizard.
You kill the frilled lizard!
You feel sick.
You feel sick.
You are no longer poisoned.
Things that are here:
an adder corpse; a ball python corpse HP restored.
There is a stone staircase leading up here.
A kobold comes into view. It is wielding a +0 whip.
The kobold shouts!
The kobold throws a stone.
The stone closely misses you. The kobold hits you with a +0 whip.
You hit the kobold.
The kobold is heavily wounded.
The kobold hits you with a +0 whip.
You closely miss the kobold.
The kobold is heavily wounded.
The kobold hits you with a +0 whip.
You hit the kobold.
You kill the kobold!
h - 10 stones (gained 3)
Things that are here:
a +0 whip; a kobold corpse A ball python comes into view.
The ball python hisses angrily.
There is a stone staircase leading down here.
A ball python is nearby!
A ball python is nearby!
You hit the ball python.
You kill the ball python!
You see here a ball python corpse.
A goblin comes into view. It is wielding a +0 dagger.
A goblin is nearby!
You hit the goblin.
The goblin is moderately wounded.
The goblin hits you with a +0 dagger.
You closely miss the goblin.
The goblin is moderately wounded.
The goblin hits you with a +0 dagger.
You hit the goblin.
You kill the goblin!
A rat comes into view.
Items here: $ ( ) [ †.
The helpless rat fails to defend itself.
You hit the rat.
You kill the rat!
h - 15 stones (gained 5)
You now have 82 gold pieces (gained 11).
Things that are here:
a +0 dagger; a +0 robe; a goblin corpse
Found a stone staircase leading up.
There is a stone staircase leading up here.
There is an open door here.
There is an open door here.
Found a stone staircase leading up.
An adder comes into view.
An adder is nearby!
The adder hisses angrily.
You hit the adder.
The adder is heavily wounded.
The adder bites you.
You are poisoned.
The adder poisons you!
You closely miss the adder.
The adder is heavily wounded.
You feel sick. The adder bites you.
You closely miss the adder.
The adder is heavily wounded.
You feel sick. The adder bites you but does no damage.
The adder closely misses you.
You barely miss the adder.
The adder is heavily wounded.
You feel sick. The adder bites you.
You miss the adder.
The adder is heavily wounded.
You feel sick. The adder bites you.
You hit the adder.
The adder is severely wounded.
You feel sick. The adder bites you.
You closely miss the adder.
The adder is severely wounded.
You feel sick.
You are no longer poisoned.
The adder bites you. The adder bites you but does no damage.
You hit the adder.
The adder is almost dead.
The adder barely misses you.
You miss the adder.
The adder is almost dead.
The adder bites you.
You are poisoned.
The adder poisons you!
You closely miss the adder.
The adder is almost dead.
You feel sick. The adder bites you.
You hit the adder but do no damage.
The adder is almost dead.
You feel sick. The adder barely misses you. The adder bites you.
* * * LOW HITPOINT WARNING * * *
You closely miss the adder.
The adder is almost dead.
You feel sick. The adder bites you.
* * * LOW HITPOINT WARNING * * *
You miss the adder.
The adder is almost dead.
You feel sick.
You are no longer poisoned.
The adder barely misses you.
Unknown command.
You miss the adder.
The adder is almost dead.
The adder closely misses you. x2
Unknown command.
You barely miss the adder.
The adder is almost dead.
The adder bites you.
* * * LOW HITPOINT WARNING * * *
You are lethally poisoned!
The adder poisons you!
Unknown command.
It was a potion of attraction.
You feel attractive to monsters.
* * * LOW HITPOINT WARNING * * *
You feel sick. The adder bites you.
* * * LOW HITPOINT WARNING * * *
You hit the adder but do no damage.
The adder is almost dead.
* * * LOW HITPOINT WARNING * * *
You feel sick. The adder bites you.
You die...

#.......#
#.........
####'####
.........). #..#
##.###.#### # #.##
# #. #. #.# #.
#..#.## #.
#.....## #.
#.<....#########.#
#.
#.......@S.......#
##.....###.#######
.......## #...
######## #####


You could see an adder.

Vanquished Creatures
  An adder (D:2)
  A dart slug (D:1)
  3 ball pythons
  2 bats (D:1)
  3 endoplasms (D:1)
  2 giant cockroaches (D:1)
  A hobgoblin (D:1)
  A quokka (D:1)
  4 frilled lizards
  3 goblins
  6 kobolds
  3 rats
30 creatures vanquished.

Notes
Turn   | Place    | Note
-------+----------+-------------------------------------------
     0 | D:1      | GloriousHammer the Ogre Warper began the quest for the Orb.
     0 | D:1      | Reached XP level 1. HP: 22/22 MP: 3/3
   105 | D:1      | Reached XP level 2. HP: 12/29 MP: 3/5
   377 | D:1      | Learned a level 2 spell: Blink
   476 | D:1      | Reached XP level 3. HP: 36/37 MP: 7/7
  1129 | D:2      | HP: 1/37 [poisoned by an adder]
  1129 | D:2      | Slain by an adder

Illustrated notes

Levels and vault maps discovered:
D:1:      saegor_arrival_simple_e, layout_rooms, minivault_14
D:2:      layout_loops_ring, shapermc_ecumenical_altar_acropolis, st_stairs_2,
          minmay_fountain_box

Skill      XL: |  1  2  3 |
---------------+----------+-----
Fighting       | 3 |  3.4
Maces & Flails | 2 |  2.3
Translocations | 3 |  3.1
Spellcasting   | 3 |  3.0
Throwing       | |  1.0
Dodging        | |  2.1

Action                     || total
---------------------------++-------
  Melee: Mace              ||    83
         Whip              ||    38
    Use: Potion            ||     1
   Stab: Sleeping          ||     1
 Armour: Robe              ||    31
  Dodge: Dodged            ||    58
